 Dungeon Crawl Stone Soup version 0.28-a0-1524-ge72afd5fc6 (webtiles) character file.

Game seed: 17830532487653942618

186 sizableburger the Chopper (level 5, 0/63 HPs)
             Began as a Human Gladiator on Jan 18, 2022.
             Was an Initiate of Wu Jian.
             Killed from afar by an orc wizard (2 damage)
             ... with a magic dart
             ... on level 4 of the Dungeon.
             The game lasted 00:04:48 (3212 turns).

sizableburger the Chopper (Human Gladiator)         Turns: 3212, Time: 00:04:48

Health: 0/63       AC: 22    Str: 16    XL:     5   Next: 97%
Magic:  5/5        EV:  2    Int:  9    God:    Wu Jian [......]
Gold:   136        SH:  0    Dex: 14    Spells: 4/4 levels left

rFire   . . .      SeeInvis .   a - +2 war axe
rCold   . . .      Faith    .   (no shield)
rNeg    . . .      Spirit   .   (armour currently unavailable)
rPois   +          Reflect  .   (helmet currently unavailable)
rElec   .          Harm     .   (cloak currently unavailable)
rCorr   .          Rampage  .   (gloves currently unavailable)
Will    .....      NoTele   +   (boots currently unavailable)
Stlth   +.........              (no amulet)
HPRegen 0.20/turn               (no ring)
MPRegen 0.09/turn               (no ring)

@: confused, mighty, brilliant, lethally poisoned (0 -> -2), tree-form
A: stationary, stasis, torment immunity, boosted hp
a: Renounce Religion


You were on level 4 of the Dungeon.
You worshipped Wu Jian.
Wu Jian was noncommittal.
You were a tree.
You visited 1 branch of the dungeon, and saw 4 of its levels.

You collected 136 gold pieces.

Inventory:

Hand Weapons
 a - a +2 war axe (weapon)
Missiles
 d - 3 throwing nets (quivered)
 j - 3 boomerangs
 n - 9 poisoned darts
Armour
 b - a +0 leather armour (melded)
 c - a +0 helmet (melded)
 k - a +0 chain mail of fire resistance
Scrolls
 f - a scroll of teleportation {unknown}
 h - a scroll of immolation {unknown}
 l - a scroll of identify
Potions
 e - 3 potions of flight
 g - a potion of might


   Skills:
 + Level 4.0 Fighting
 + Level 4.8 Axes
 - Level 2.0 Throwing
 - Level 3.3 Dodging


You had 4 spell levels left.
You didn't know any spells.
Your spell library contained the following spells:

 Spells                   Type           Power      Damage    Failure   Level
 Ozocubu's Armour         Ice            0%         N/A       77%         3
 Ozocubu's Refrigeration  Ice            0%         4d5       100%        7


Dungeon Overview and Level Annotations

Branches:
Dungeon (4/15)
 Temple: D:4-7

Altars:
Cheibriados
Elyvilon
Qazlal
Wu Jian


Message History

Your +0 helmet melds into your body.
Your +0 leather armour melds into your body.
Your roots penetrate the ground.
* * * LOW HITPOINT WARNING * * *
You feel sick. The adder bites you but does no damage.
Something hits you but does no damage.
Okay, then.
You don't know any spells.
You feel very mighty all of a sudden.
* * * LOW HITPOINT WARNING * * *
You feel sick. The adder bites you but does no damage.
Something hits you but does no damage. The adder bites you but does no damage.
Unknown command.
You miss the adder.
The adder is severely wounded.
You hit something.
* * * LOW HITPOINT WARNING * * *
You feel sick. The adder bites you but does no damage.
Something hits you but does no damage.
Unknown command.
You slash the adder!
You kill the adder!
The Council accepts your kill.
You miss something.
* * * LOW HITPOINT WARNING * * *
You feel sick. Something hits you but does no damage.
A goblin comes into view. It is wielding a +0 dagger.
Your Fighting skill increases to level 4!
You cannot move.
Okay, then.
You cannot move.
You closely miss something.
* * * LOW HITPOINT WARNING * * *
You feel sick.
You hear some strange, mumbled words.
You are confused.
You hear some strange, mumbled words.
A magic dart appears from out of thin air!
The magic dart hits you.
You die...

.. #.# ..# #.
#.# # #.##.#
### .. #.##.#
#...# #.
#.##.####...#
#.
..##.##.g♣{...#
#..
...##.###..##
#..##
#.##.###.##
#....
#.........#
#....#
#....####..+
#...<##.##.#
#..
#.#.#.#....#
...
#....†..##.#
o.##
#..#.##.##...


You could see a goblin (wandering).

Vanquished Creatures
  A necrophage (D:4)
  3 adders
  A worm (D:2)
  3 dart slugs
  8 orcs
  3 ball pythons
  4 endoplasms
  A giant cockroach (D:2)
  3 goblins (D:1)
  8 hobgoblins
  2 jackals (D:3)
  4 kobolds
  4 quokkas
  A bat (D:3)
  A frilled lizard (D:1)
  4 rats
51 creatures vanquished.

Notes
Turn   | Place    | Note
-------+----------+-------------------------------------------
     0 | D:1      | sizableburger the Human Gladiator began the quest for the
                  | Orb.
     0 | D:1      | Reached XP level 1. HP: 16/16 MP: 1/1
   212 | D:1      | You fall into a shaft and drop 1 floor!
   290 | D:2      | Reached XP level 2. HP: 22/22 MP: 2/2
  1065 | D:2      | Found a faded altar of an unknown god.
  1274 | D:2      | Reached XP level 3. HP: 26/28 MP: 3/3
  2111 | D:3      | Reached XP level 4. HP: 34/34 MP: 4/4
  2663 | D:3      | Found a snail-covered altar of Cheibriados.
  2684 | D:3      | Found an ornate altar of the Wu Jian Council.
  2684 | D:3      | Found a stormy altar of Qazlal.
  2688 | D:3      | Became a worshipper of the Wu Jian Council
  3003 | D:3      | Found a white marble altar of Elyvilon.
  3165 | D:4      | Noticed a necrophage
  3169 | D:4      | Killed a necrophage
  3170 | D:4      | Reached XP level 5. HP: 28/42 MP: 5/5
  3210 | D:4      | HP: 3/63 [poisoned by an adder]
  3212 | D:4      | Killed from afar by an orc wizard

Illustrated notes

Levels and vault maps discovered:
D:1:      matt_arrival_diagonals, layout_loops_ring, minmay_tree_intersection
D:2:      layout_loops_corners, dreamdust_ecumenical_altar_grove, minmay_tall_x
D:3:      layout_loops_cross, mainiacjoe_overflow_alcove_1,
          mainiacjoe_overflow_alcove_2, gammafunk_temple_overflow_wave,
          amcnicky_mini_corridor_feature
D:4:      layout_loops_ring, xom_butterflies, enter_ossuary_5

Skill      XL: |  1  2  3  4  5 |
---------------+----------------+-----
Axes           | 4 |  4.8
Fighting       | 3 4 |  4.0
Throwing       | |  2.0
Dodging        | |  3.3

Action                   |  1- 3 |  4- 6 || total
-------------------------+-------+-------++-------
Melee: War axe           |    75 |    67 ||   142
       Punch             |     1 |       ||     1
Invok: Lunge             |       |     1 ||     1
  Use: Scroll            |     5 |     1 ||     6
       Potion            |       |     3 ||     3
Armor: Leather armour    |    30 |     9 ||    39
       Skin              |       |     8 ||     8
Dodge: Dodged            |    39 |    46 ||    85

Table legend: (Time is in decaauts)
 A = Elapsed time spent in this place.
 B = Non-inter-level travel time spent in this place.
 C = Inter-level travel time spent in this place.
 D = Time resting spent in this place.
 E = Time spent auto-exploring this place.
 F = Levels seen in this place.
 G = Mean time per level.
                   A        B        C        D        E       F      G
               +--------+--------+--------+--------+--------+-----+--------+
         Total |   3256 |   3088 |    168 |    264 |   2308 |   4 |  814.0 |
       Dungeon |   3256 |   3088 |    168 |    264 |   2308 |   4 |  814.0 |
               +--------+--------+--------+--------+--------+-----+--------+

Top non-repeatable levels by time:
     D:2: 1182 daAuts
     D:3: 1057 daAuts
     D:1: 838 daAuts
     D:4: 178 daAuts
